 Dungeon Crawl Stone Soup version 0.20-a0-1078-g4874019 (webtiles) character file.

14712 FastMan the Severer (level 11, -5/86 HPs)
             Began as a Minotaur Berserker on May 1, 2017.
             Was an Elder of Trog.
             Slain by a two-headed ogre
             ... wielding a +0 giant club
              (16 damage)
             ... on level 10 of the Dungeon.
             The game lasted 00:09:13 (10609 turns).

FastMan the Severer (Minotaur Berserker)           Turns: 10609, Time: 00:09:14

Health: -5/86      AC: 14    Str: 23    XL:     11   Next: 92%
Magic:  10/10      EV:  7    Int:  4    God:    Trog [****..]
Gold:   560        SH:  0    Dex: 12    Spells: 10/10 levels left

rFire    . . .     SeeInvis .   K - +3 battleaxe
rCold    . . .     Gourm    .   (shield currently unavailable)
rNeg     . . .     Faith    .   B - +0 plate armour
rPois    .         Spirit   .   (helmet restricted)
rElec    .         Reflect  .   m - +0 cloak
rCorr    +         Harm     .   (no gloves)
MR       ++...                  (no boots)
Stlth    ..........             (no amulet)
Regen    1.3/turn               u - ring of resist corrosion
MPRegen  0.2/turn               (no ring)

@: regenerating
A: retaliatory headbutt, horns 2
a: Berserk, Trog's Hand, Brothers in Arms, Burn Spellbooks, Renounce Religion


You were on level 10 of the Dungeon.
You worshipped Trog.
Trog was greatly pleased with you.
You were not hungry.

You visited 1 branch of the dungeon, and saw 10 of its levels.
You also visited: Ossuary.

You collected 560 gold pieces.

Inventory:

Hand Weapons
 a - a +2 battleaxe
 K - a +3 battleaxe (weapon)
Armour
 m - a +0 cloak (worn)
 B - a +0 plate armour (worn)
 G - a +0 shield
Jewellery
 c - an uncursed ring of see invisible {unknown}
 u - a ring of resist corrosion (left hand)
 x - an uncursed amulet of guardian spirit {unknown}
 y - an uncursed ring of fire
 I - an uncursed ring of protection from magic {unknown}
 J - an uncursed ring of positive energy {unknown}
Scrolls
 b - a scroll of enchant armour {unknown}
 f - 2 scrolls of teleportation {@r3}
 g - 2 scrolls of remove curse {@r2}
 o - a scroll of fear {unknown}
 r - 2 scrolls of immolation
 v - a scroll of fog {unknown}
 w - a scroll of enchant weapon {unknown}
 C - a scroll of random uselessness {unknown}
 E - a scroll of magic mapping
 L - a scroll of identify {@r1}
Potions
 e - a potion of curing {@q1}
 i - a potion of agility {@q5}
 j - 2 potions of flight
 k - 3 potions of magic
 l - 2 potions of haste {@q3}
 n - a potion of ambrosia
 p - 2 potions of cancellation
 s - 5 potions of heal wounds {@q2}
 t - 2 potions of might {@q4}
 z - a potion of berserk rage {unknown}
 D - a potion of brilliance {unknown}
 F - 2 potions of degeneration {unknown}
 H - a potion of lignification {unknown}
Comestibles
 d - 2 meat rations {@e2}
 h - 10 royal jellies {@e3}
 q - a bread ration {@e1}
 A - 4 fruits {@e4}


   Skills:
 - Level 5.0 Fighting
 * Level 20.2 Axes
 - Level 6.3 Armour
 - Level 2.1 Dodging


You had 10 spell levels left.
You didn't know any spells.

Dungeon Overview and Level Annotations

Branches:
Dungeon (10/15)
 Temple: D:4-7         Lair: D:8-11         Orc: D:9-12

Altars:
Ashenzari
Gozag
Kikubaaqudgha
Qazlal
Sif Muna
Trog
Yredelemnul
Zin
The Shining One

Shops:
D:6 !(=:(


Innate Abilities, Weirdness & Mutations

You reflexively headbutt those who attack you in melee.
You have a pair of horns on your head.


Message History

You hit the two-headed ogre.
The two-headed ogre hits you with a giant club!!
The two-headed ogre hits you with a giant club.
The two-headed ogre hits you with a giant club!
The two-headed ogre completely misses you.
You are too injured to fight recklessly!
You are too injured to fight recklessly!
You are too injured to fight recklessly!
Unknown command.
Your skin crawls.
You feel resistant to hostile enchantments.
You feel somewhat more hungry.
The two-headed ogre hits you with a giant club!!
* * * LOW HITPOINT WARNING * * *
The two-headed ogre hits you with a giant spiked club!
* * * LOW HITPOINT WARNING * * *
Unknown command.
Unknown command.
The two-headed ogre hits you with a giant club!
You die...

#.# #.###.#...
#######(##### #.#
#.....
.......((...# #.#
##....
#####...)...#######
#.#..
#.............#
#.#..
#............)#
#.#..
#.............#
#..##
####..........# ##.
#..(.@.###### .
#...OO........
#......#######
#......# #......#
#......# #......#
#......#######
########..........#


You could see 2 two-headed ogres.

Vanquished Creatures
  2 yaktaur captains (D:8)
  4 two-headed ogres
  3 centaur warriors (D:8)
  The ghost of skyler the Basher, a novice GrFi of Okawaru (D:9)
  2 cyclopes
  A gargoyle (D:8)
  An efreet (D:8)
  A troll (D:9)
  A queen bee (D:10)
  A hippogriff (D:7)
  Prince Ribbit (D:9)
  A wraith (D:8)
  A shadow (D:8)
  A hungry ghost (D:8)
  A yak (D:8)
  2 water moccasins (D:10)
  3 ice beasts
  A sky beast (D:7)
  A necrophage (D:9)
  4 orc warriors
  2 black bears
  6 ogres
  3 phantoms
  3 centaurs
  A big kobold (D:10)
  4 bullfrogs
  3 scorpions
  26 killer bees
  10 wights
  5 howler monkeys
  An electric eel (D:6)
  A crimson imp (D:5)
  A bullfrog zombie (D:7)
  A quasit (D:10)
  2 jellies
  4 orc priests
  A bullfrog skeleton (D:7)
  2 hounds
  3 iguanas
  7 orc wizards
  7 worker ants
  3 mummies
  10 adders
  An adder zombie (D:8)
  A worm (D:4)
  A dart slug (D:2)
  6 leopard geckos
  37 orcs
  A ball python (D:4)
  7 giant cockroaches
  5 hobgoblins
  6 jackals
  7 quokkas
  5 bats
  4 frilled lizards
  A giant cockroach zombie (D:5)
  4 goblins
  13 kobolds
  A leopard gecko skeleton (D:5)
  A quokka skeleton (D:9)
  2 quokka zombies
  11 rats
253 creatures vanquished.

Vanquished Creatures (others)
  5 toadstools (D:1)
  A withered plant (Ossuary)
6 creatures vanquished.

Grand Total: 259 creatures vanquished

Notes
Turn   | Place    | Note
-------+----------+-------------------------------------------
     0 | D:1      | FastMan the Minotaur Berserker began the quest for the Orb.
     0 | D:1      | Reached XP level 1. HP: 19/19 MP: 0/0
   199 | D:1      | Reached skill level 4 in Axes
   207 | D:1      | Reached XP level 2. HP: 13/27 MP: 1/1
  1132 | D:2      | Reached XP level 3. HP: 33/33 MP: 2/2
  1240 | D:2      | Found a shattered altar of Ashenzari.
  1262 | D:2      | Reached skill level 5 in Axes
  1334 | D:2      | Reached ** piety under Trog
  1365 | D:2      | Found a deep blue altar of Sif Muna.
  1384 | D:2      | Found an ancient bone altar of Kikubaaqudgha.
  1745 | D:4      | Found a glowing drain.
  1746 | D:4      | Reached XP level 4. HP: 41/41 MP: 3/3
  1780 | D:4      | Got a wavering iron ring
  1831 | D:4      | Found a bloodstained altar of Trog.
  1833 | D:4      | Found a glowing golden altar of the Shining One.
  1853 | D:4      | Found a stormy altar of Qazlal.
  1871 | D:4      | Reached skill level 6 in Axes
  1881 | D:4      | Reached skill level 5 in Fighting
  1881 | D:4      | Reached XP level 5. HP: 29/48 MP: 4/4
  1911 | D:4      | Identified the ring "Fecvufot" {*Tele rC+ rN+ MP+9 Str-5} (You found it on level 4 of the Dungeon)
  2439 | D:5      | Entered Level 5 of the Dungeon
  2439 | D:5      | Found a basalt altar of Yredelemnul.
  2650 | D:5      | Found an opulent altar of Gozag.
  2775 | D:5      | Found a sand-covered staircase.
  2780 | D:5      | Reached XP level 6. HP: 46/56 MP: 5/5
  2783 | Ossuary  | Entered an ossuary
  2793 | Ossuary  | Reached skill level 7 in Axes
  2888 | D:5      | Noticed an ice beast
  2900 | D:5      | Killed an ice beast
  3252 | D:5      | Reached *** piety under Trog
  3608 | D:6      | Reached skill level 8 in Axes
  3608 | D:6      | Reached XP level 7. HP: 57/61 MP: 6/6
  3668 | D:6      | Found Nouseudgh's Jewellery Boutique.
  3701 | D:6      | Found Kaniwnol's Book Shoppe.
  3857 | D:6      | Found Bemuvug's Weapon Shop.
  3895 | D:6      | Reached skill level 5 in Armour
  3898 | D:6      | Found Kusosch's Distillery.
  3912 | D:6      | Found Xewn's Antique Weapon Boutique.
  4404 | D:6      | Reached skill level 9 in Axes
  4443 | D:7      | Noticed a hippogriff
  4451 | D:7      | Killed a hippogriff
  4480 | D:7      | Reached XP level 8. HP: 64/68 MP: 7/7
  4484 | D:7      | Reached skill level 10 in Axes
  4767 | D:7      | Found a glowing silver altar of Zin.
  4841 | D:7      | Reached skill level 11 in Axes
  4882 | D:7      | Noticed a two-headed ogre
  4890 | D:7      | Killed a two-headed ogre
  4890 | D:7      | Reached skill level 12 in Axes
  4890 | D:7      | Reached XP level 9. HP: 74/74 MP: 8/8
  4955 | D:7      | Reached skill level 13 in Axes
  5689 | D:8      | Reached **** piety under Trog
  5981 | D:8      | Reached skill level 14 in Axes
  6472 | D:8      | Noticed a centaur warrior
  6478 | D:8      | Noticed a two-headed ogre
  6479 | D:8      | Killed a centaur warrior
  6479 | D:8      | Reached skill level 15 in Axes
  6479 | D:8      | Reached XP level 10. HP: 53/81 MP: 9/9
  6483 | D:8      | Killed a two-headed ogre
  6766 | D:8      | Noticed a centaur warrior
  6769 | D:8      | Noticed a yaktaur captain
  6773 | D:8      | Killed a centaur warrior
  6773 | D:8      | Reached skill level 16 in Axes
  6785 | D:8      | Killed a yaktaur captain
  6843 | D:8      | Reached skill level 17 in Axes
  7085 | D:8      | Noticed a cyclops
  7096 | D:8      | Killed a cyclops
  7419 | D:8      | Noticed a centaur warrior
  7422 | D:8      | Noticed a gargoyle
  7429 | D:8      | Killed a centaur warrior
  7431 | D:8      | Killed a gargoyle
  7431 | D:8      | Reached XP level 11. HP: 33/86 MP: 10/10
  7649 | D:8      | Noticed a yaktaur captain
  7660 | D:8      | Killed a yaktaur captain
  7660 | D:8      | Reached skill level 18 in Axes
  8012 | D:8      | Noticed a centaur warrior
  8012 | D:8      | Noticed a deep elf knight
  8013 | D:8      | Noticed a flayed ghost
  8013 | D:8      | Noticed a five-headed hydra
  8013 | D:8      | Noticed a five-headed hydra
  8535 | D:9      | Noticed a two-headed ogre
  8541 | D:9      | Killed a two-headed ogre
  8546 | D:9      | Noticed skyler's ghost (novice GrFi)
  8842 | D:9      | Killed skyler's ghost
  8842 | D:9      | Reached skill level 19 in Axes
  8991 | D:9      | Noticed Prince Ribbit
  9023 | D:9      | Killed Prince Ribbit
  9078 | D:9      | Found an opulent altar of Gozag.
  9392 | D:10     | Entered Level 10 of the Dungeon
 10258 | D:10     | Reached skill level 20 in Axes
 10339 | D:10     | Noticed a two-headed ogre
 10343 | D:10     | Reached ***** piety under Trog
 10366 | D:10     | Killed a two-headed ogre
 10590 | D:10     | Noticed a two-headed ogre
 10592 | D:10     | Noticed a two-headed ogre
 10609 | D:10     | Slain by a two-headed ogre

Vault maps used:
D:1:      ldierk_walled_garden
D:2:      old_standard_altar, lemuel_blue_sif_altar,
          nicolae_overflow_crystal_walls
D:3:      kennysheep_slug_shrine, first_bread
D:4:      old_standard_altar, minitemple, minmay_temple_entry_fiery,
          portal_sewer_entry_d
D:5:      yredelemnul_altar_generic, gup_ossuary_entry_pyramid,
          grunt_gozag_breadcrumbs
D:6:      serial_shops, shop, nicolae_shop_waterfront, nicolae_shop_waterfront,
          nicolae_shop_statue_plus, shop
D:7:      zin_scriptorium
D:8:      minmay_the_grid_triangle_9x9_line_8, serial_shops,
          kennysheep_mini_moat
D:9:      kennysheep_little_box, uniq_prince_ribbit1
D:10:     david_nohive_1
Ossuary:  ossuary_zaba_flooded

Skill      XL: |  1  2  3  4  5  6  7  8  9 10 11 |
---------------+----------------------------------+-----
Axes           | 4 5 6 8 9 12 15 17 20 | 20.2
Fighting       | 4 5 |  5.0
Armour         | 3 4 5 6 |  6.3
Dodging        | |  2.1

Action                   |  1- 3 |  4- 6 |  7- 9 | 10-12 || total
-------------------------+-------+-------+-------+-------++-------
Melee: Hand axe          |    80 |   110 |    28 |       ||   218
       Headbutt          |     8 |    25 |    32 |    56 ||   121
       War axe           |       |       |    38 |       ||    38
       Battleaxe         |       |       |   111 |   279 ||   390
Invok: Trog's Hand       |       |     2 |     2 |     4 ||     8
       Berserk           |       |     2 |     7 |     8 ||    17
  Use: Potion            |       |     1 |       |     4 ||     5
       Scroll            |       |     6 |     3 |     8 ||    17
 Stab: Sleeping          |       |     1 |       |       ||     1
  Eat: Chunk             |     3 |     8 |    12 |     8 ||    31
       Bread ration      |       |       |     2 |     2 ||     4
       Meat ration       |       |       |       |     1 ||     1
Armor: Animal skin       |    14 |     2 |       |       ||    16
       Scale mail        |       |    27 |    43 |    13 ||    83
       Plate armour      |       |       |       |   125 ||   125
Dodge: Dodged            |    47 |    52 |    91 |   106 ||   296
